 Dungeon Crawl Stone Soup version 0.26-a0-708-g17f3b190f9 (webtiles) character file.

Game seed: 2476402565282371795

91 snetch the Chopper (level 4, 0/61 HPs)
             Began as a Minotaur Berserker on Oct 28, 2020.
             Was a Believer of Trog.
             Slain by a gnoll
             ... wielding a +0 spear
              (5 damage)
             ... on level 2 of the Dungeon.
             The game lasted 00:01:27 (439 turns).

snetch the Chopper (Minotaur Berserker)              Turns: 439, Time: 00:01:27

Health: 0/61       AC:  2    Str: 22    XL:     4   Next: 33%
Magic:  3/3        EV: 10    Int:  4    God:    Trog [**....]
Gold:   12         SH:  8    Dex: 16    Spells: 3/3 levels left

rFire    . . .     SeeInvis .   a - +0 hand axe
rCold    . . .     Faith    .   h - +0 kite shield
rNeg     . . .     Spirit   .   b - +0 animal skin
rPois    .         Reflect  .   (helmet restricted)
rElec    .         Harm     .   (no cloak)
rCorr    .         Rampage  .   (no gloves)
MR       .....                  (no boots)
Stlth    ..........             (no amulet)
HPRegen  0.20/turn              d - +6 ring of dexterity
MPRegen  0.08/turn              (no ring)

@: berserking (expiring), lethally poisoned (0 -> -3), very quick
A: retaliatory headbutt, horns 2
a: Berserk, Trog's Hand, Renounce Religion


You were on level 2 of the Dungeon.
You worshipped Trog.
Trog was pleased with you.
You visited 1 branch of the dungeon, and saw 2 of its levels.

You collected 12 gold pieces.

Inventory:

Hand Weapons
 a - a +0 hand axe (weapon)
 c - a +1 short sword of venom
Missiles
 f - 24 stones (quivered)
 g - 13 bolts
 k - 26 sling bullets
Armour
 b - a +0 animal skin (worn)
 h - a +0 kite shield (worn)
Jewellery
 d - a +6 ring of dexterity (left hand)
Scrolls
 i - a scroll of amnesia {unknown}
 j - a scroll of remove curse {unknown}
Potions
 e - 2 potions of flight {unknown}


   Skills:
 + Level 4.4 Fighting
 + Level 5.0 Axes
 + Level 2.7 Armour
 + Level 2.6 Dodging
 + Level 0.3 Stealth
 + Level 0.3 Shields


You had 3 spell levels left.
You didn't know any spells.
Your spell library was empty.

Dungeon Overview and Level Annotations

Branches:
Dungeon (2/15)

Altars:


Innate Abilities, Weirdness & Mutations

You reflexively headbutt those who attack you in melee.
You have a pair of horns on your head.


Message History

The gnoll is severely wounded.
You hit the gnoll. You closely miss the gnoll. You block the gnoll's attack. x2
Unknown command.
You closely miss the gnoll. Your headbutt misses the gnoll.
The gnoll is severely wounded.
You hit the gnoll. You barely miss the gnoll.
You feel sick. The gnoll hits you with a +0 spear.
* * * LOW HITPOINT WARNING * * *
The gnoll hits you with a +0 spear.
* * * LOW HITPOINT WARNING * * *
You block the gnoll's attack.
You slash the gnoll!
You kill the gnoll!
Trog accepts your kill.
You closely miss the gnoll. You slash the gnoll!
You kill the gnoll!
Trog accepts your kill.
Your Axes skill increases to level 5!
The gnoll hits you with a +0 spear.
You die...

########.#
####<........
########<)..).####.
#.....)@).....#
#.....).g.....#
#....w........#
#.............#
#..$..........#
#.............#
#.............#
...............


You could see a worm and a gnoll.

Vanquished Creatures
  A hound skeleton (D:2)
  Robin (D:2)
  3 gnolls (D:2)
  An adder (D:1)
  A leopard gecko (D:1)
  3 bats (D:1)
  11 goblins
  5 hobgoblins
  A frilled lizard (D:2)
  3 kobolds
30 creatures vanquished.

Notes
Turn   | Place    | Note
-------+----------+-------------------------------------------
     0 | D:1      | snetch the Minotaur Berserker began the quest for the Orb.
     0 | D:1      | Reached XP level 1. HP: 19/19 MP: 0/0
   217 | D:1      | Reached skill level 4 in Axes
   217 | D:1      | Reached XP level 2. HP: 27/27 MP: 1/1
   286 | D:2      | Noticed Robin
   289 | D:2      | Reached XP level 3. HP: 26/33 MP: 2/2
   290 | D:2      | Reached ** piety under Trog
   432 | D:2      | Killed Robin
   433 | D:2      | Reached XP level 4. HP: 38/41 MP: 3/3
   439 | D:2      | Reached skill level 5 in Axes
   439 | D:2      | Slain by a gnoll

Illustrated notes

Levels and vault maps discovered:
D:1:      dpeg_arrival_three_same_balls, layout_loops_cross, serial_forest,
          infiniplex_forest_lined_3_way, infiniplex_forest_lined_room_2,
          infiniplex_forest_clump_diagonal, infiniplex_forest_clump_small,
          infiniplex_forest_corner_1, infiniplex_forest_end_3,
          infiniplex_forest_corner_1, infiniplex_forest_clump_curved,
          infiniplex_forest_straight_2, infiniplex_forest_corner_2
D:2:      layout_basic, uniq_robin

Skill      XL: |  1  2  3  4 |
---------------+-------------+-----
Axes           | 4 5 |  5.0
Fighting       | 4 |  4.4
Armour         | |  2.7
Dodging        | |  2.6
Stealth        | |  0.3
Shields        | |  0.3

Action                   |  1- 3 |  4- 6 || total
-------------------------+-------+-------++-------
Melee: Hand axe          |    33 |     5 ||    38
       Headbutt          |    10 |       ||    10
Invok: Berserk           |     1 |       ||     1
 Stab: Sleeping          |     1 |       ||     1
Armor: Animal skin       |     6 |       ||     6
Dodge: Dodged            |    25 |     3 ||    28
Block: Kite shield       |    19 |     4 ||    23

Table legend: (Time is in decaauts)
 A = Elapsed time spent in this place.
 B = Non-inter-level travel time spent in this place.
 C = Inter-level travel time spent in this place.
 D = Time resting spent in this place.
 E = Time spent auto-exploring this place.
 F = Levels seen in this place.
 G = Mean time per level.
                   A        B        C        D        E       F      G
               +--------+--------+--------+--------+--------+-----+--------+
         Total |    443 |    436 |      7 |    121 |    153 |   2 |  221.5 |
       Dungeon |    443 |    436 |      7 |    121 |    153 |   2 |  221.5 |
               +--------+--------+--------+--------+--------+-----+--------+

Top non-repeatable levels by time:
     D:1: 404 daAuts
     D:2: 38 daAuts
